 Dungeon Crawl Stone Soup version 0.30-a0-782-ge64f9170bb (webtiles) character file.

Game seed: 13923883986811995863

17457 mopl the Cleaver (level 12, -1/75 HPs)
             Began as a Gargoyle Fighter on Mar 13, 2023.
             Was a High Priest of Okawaru.
             Killed from afar by a bog body (6 damage)
             ... with a bolt of cold
             ... on level 2 of the Lair of Beasts.
             The game lasted 00:13:56 (11321 turns).

mopl the Cleaver (Gargoyle Fighter)                Turns: 11321, Time: 00:13:56

Health: -1/75      AC: 31    Str: 21    XL:     12   Next: 48%
Magic:  15/16      EV: 11    Int:  9    God:    Okawaru [*****.]
Gold:   449        SH:  0    Dex: 13    Spells: 11/11 levels left

rFire   . . .      SeeInvis .    T - +3 battleaxe
rCold   + . .      Faith    +    (shield currently unavailable)
rNeg    + + +      Spirit   .    A - +0 plate armour
rPois   ∞          Reflect  .    C - +1 helmet
rElec   +          Harm     .    z - +0 cloak
rCorr   +          Rampage  .    p - +0 pair of gloves
Will    .....                    (no boots) Stlth
                                 S - amulet "Coegeg" {Faith rC+ rN++}
HPRegen 0.32/turn                h - ring of resist corrosion
MPRegen 0.15/turn                O - ring of positive energy

@: heroic, frozen, slowed, very slow
A: sickness immunity, AC +8, negative energy resistance 1, electricity
resistance, torment resistance 1, petrification resistance
a: Renounce Religion, Heroism, Finesse, Duel


You were on level 2 of the Lair of Beasts.
You worshipped Okawaru.
Okawaru was extremely pleased with you.
You visited 3 branches of the dungeon, and saw 13 of its levels.

You collected 725 gold pieces.
You spent 276 gold pieces at shops.

Inventory:

Hand Weapons
 b - a +1 short sword of venom
 T - a +3 battleaxe (weapon)
 V - a +0 scimitar of flaming
Missiles
 m - 2 javelins
 n - 2 throwing nets
 s - 20 poisoned darts (quivered)
 x - 7 boomerangs
 P - a boomerang of dispersal
 Q - a curare-tipped dart
Armour
 p - a +0 pair of gloves (worn)
 t - the +2 ring mail "Ilaask" {rF+ rC+ Stlth-}
   (You found it on level 2 of the Lair of Beasts)

   rF:        It protects you from fire.
   rC:        It protects you from cold.
   Stlth:     It makes you less stealthy.
 z - a +0 cloak (worn)
 A - a +0 plate armour (worn)
 C - a +1 helmet (worn)
 W - the +3 hat of Pondering {ponderous, Will+ MP+10 Int+5}
   (You took it off Gastronok on level 10 of the Dungeon)

   Int:       It affects your intelligence (+5).
   MP:        It affects your magic capacity (+10).
   Will:      It increases your willpower.
Jewellery
 h - a ring of resist corrosion (left hand)
 k - a ring of ice
 O - a ring of positive energy (right hand)
 S - the amulet "Coegeg" (around neck) {Faith rC+ rN++}
   (You found it on level 8 of the Dungeon)

   [amulet of faith]

   It allows you to gain divine favour quickly.
   rC:        It protects you from cold.
   rN:        It greatly protects you from negative energy.
Wands
 r - a wand of polymorph (6)
 u - a wand of digging (14)
 B - a wand of roots (2)
 D - a wand of acid (18)
 K - a wand of flame (45)
Scrolls
 a - a scroll of butterflies {unknown}
 f - 3 scrolls of fog {unknown}
 g - a scroll of immolation {unknown}
 l - 3 scrolls of vulnerability {unknown}
 q - 4 scrolls of blinking
 w - 3 scrolls of enchant weapon {unknown}
 y - 4 scrolls of torment {unknown}
 F - 2 scrolls of amnesia {unknown}
 J - a scroll of poison {unknown}
 M - 3 scrolls of teleportation
 N - a scroll of fear
Potions
 c - a potion of flight {unknown}
 d - 3 potions of might
 e - 3 potions of magic
 i - 2 potions of cancellation
 j - 3 potions of brilliance
 o - 2 potions of lignification {!q}
 v - 5 potions of curing
 E - 2 potions of degeneration {unknown}
 G - 3 potions of attraction {unknown}
 H - 2 potions of haste
 I - a potion of invisibility
 L - a potion of ambrosia


   Skills:
 + Level 8.8(13.8) Fighting
 * Level 9.9(14.9) Axes
 + Level 6.4(11.4) Throwing
 + Level 8.9(13.9) Armour
 + Level 6.0(11.0) Dodging
 - Level 3.2(8.2) Shields
 + Level 6.4 Invocations
 + Level 6.3 Evocations


You had 11 spell levels left.
You didn't know any spells.
Your spell library contained the following spells:

 Spells                   Type           Power      Damage    Failure   Level
 Apportation              Tloc           0%         N/A       99%         1
 Beastly Appendage        Tmut           0%         N/A       99%         1
 Magic Dart               Conj           0%         1d3       99%         1
 Lesser Beckoning         Tloc           0%         N/A       100%        2
 Wereblood                Tmut           0%         N/A       100%        2
 Frozen Ramparts          Ice            0%         1d1       100%        3
 Gell's Gravitas          Tloc           0%         N/A       100%        3
 Ignite Poison            Fire/Tmut/Pois 0%         N/A       100%        3
 Mephitic Cloud           Conj/Pois/Air  0%         N/A       100%        3
 Spider Form              Tmut/Pois      0%         N/A       100%        3
 Stone Arrow              Conj/Erth      0%         3d7       100%        3
 Teleport Other           Tloc           0%         N/A       100%        3
 Vhi's Electric Charge    Tloc/Air       0%         N/A       100%        3
 Ice Form                 Ice/Tmut       0%         N/A       100%        4
 Sticky Flame             Conj/Fire      0%         2d3       100%        4
 Alistair's Intoxication  Tmut/Pois      0%         N/A       100%        5
 Arcjolt                  Conj/Air       0%         1d10      100%        5
 Borgnjor's Revivificati  Necr           0%         N/A       100%        8
 Ignition                 Fire           0%         3d3       100%        8
 Lehudib's Crystal Spear  Conj/Erth      0%         10d2      100%        8
 Maxwell's Capacitive Co  Air            0%         ∞         100%        8
 Necromutation            Tmut/Necr      0%         N/A       100%        8
 Death's Door             Necr           0%         N/A       100%        9
 Call Imp                 Summ           Unusable   N/A       N/A         2
 Animate Armour           Summ/Erth      Unusable   N/A       N/A         4
 Summon Ice Beast         Ice/Summ       Unusable   N/A       N/A         4

Dungeon Overview and Level Annotations

Branches:
Dungeon (10/15)            Temple (1/1) D:4            Lair (2/5) D:9
    Orc (0/2) D:10
  Swamp: Lair:2-3    Shoals: Lair:2-3     Snake: Lair:2-3    Spider: Lair:2-3

Altars:
Ashenzari
Cheibriados
Dithmenos
Elyvilon
Fedhas
Gozag
Hepliaklqana
Kikubaaqudgha
Makhleb
Nemelex Xobeh
Okawaru
Qazlal
Ru
Sif Muna
Trog
Uskayaw
Vehumet
Wu Jian
Xom
Yredelemnul
Zin
The Shining One

Shops:
D:7 ?   D:10 ([


Innate Abilities, Weirdness & Mutations

You are immune to sickness and miasma.
Your stone body is resilient. (AC +8)
You are immune to poison.
You resist negative energy. (rN+)
You are resistant to electric shocks. (rElec)
You are resistant to unholy torment.
You are immune to petrification.


Message History

You are too injured to fight recklessly!
You are too injured to fight recklessly!
You are too injured to fight recklessly!
You are too injured to fight recklessly!
You are too injured to fight recklessly!
You are too injured to fight recklessly!
The bog body attacks as you move away! The bog body touches you.
The bog body freezes you! You resist.
* * * LOW HITPOINT WARNING * * *
The bog body casts a spell at you. The bolt of cold misses you.
You gain the combat prowess of a mighty hero.
A wolf comes into view.
The bullfrog hits you but does no damage.
The yak gores you but does no damage.
The wolf howls!
You slash the yak!
The yak is almost dead.
You hit the bog body. You slice the bullfrog!!
You kill the bullfrog!
Okawaru accepts your kill.
You hear a howl!
The bog body points at you and mumbles some strange words.
You feel yourself slow down. The yak gores you but does no damage.
The bog body gestures at you while chanting.
You feel as though you will be slow longer.
You hit the yak.
You kill the yak!
Okawaru accepts your kill.
The polar bear attacks as you move away!
The polar bear misses you. x2
The polar bear claws you but does no damage.
The rime drake breathes ice at you. The icy flash freeze hits you!
You partially resist.
* * * LOW HITPOINT WARNING * * *
You are encased in ice.
The bog body casts a spell at you.
The bolt of cold hits the polar bear!!
The polar bear resists.
The bolt of cold hits you. You resist.
You die...

##..###.>... #...#.......
#........... ##..........
###.......... ## ###
#.#.......... #
#.####.#####...........
..#..#.n#.#.##............>
.......Z.h@................
~~~~~~#.#~#..#.............
~~~~~~h~k###.....(.........
~≈≈≈~≈~~~~~†..............#
...~~.~~~~~~~~~~..........
........~≈≈≈≈~~~~~....)..#
.........~~~~~~≈~~~...##.#
$$8..........^≈≈≈~~[.# #
#############≈~~###


You could see a polar bear (wandering), a bog body, a rime drake (catching
breath) and a spriggan simulacrum.

Vanquished Creatures
  Gastronok (D:10)
  Erica (D:9)
  2 two-headed ogres
  2 death yaks (Lair:1)
  Nergalle (Lair:1)
  A deep elf pyromancer (D:9)
  An orc knight (D:10)
  2 black mambas
  Psyche (D:9)
  A kobold demonologist (D:9)
  2 komodo dragons
  A cane toad (Lair:1)
  3 rime drakes
  A hornet (D:9)
  3 wyverns
  21 yaks
  Grum (D:9)
  Eustachio (D:6)
  A basilisk (Lair:1)
  3 steam dragons
  3 acid dragons
  7 water moccasins
  4 black bears
  6 orc warriors
  4 wolves (D:9)
  2 centaurs
  2 ogres
  2 phantoms (D:5)
  3 kobold brigands
  A two-headed ogre simulacrum (Lair:2)
  8 bullfrogs
  A scorpion (D:4)
  A gnoll sergeant (D:9)
  2 necrophages
  4 wights (D:9)
  A howler monkey (D:10)
  An electric eel (Lair:1)
  4 hounds
  2 jellies
  2 orc priests
  3 iron imps (D:3)
  3 iguanas
  Natasha (thrice) (D:2)
  5 orc wizards
  4 adders
  3 ufetubi (D:5)
  2 dart slugs (D:1)
  14 orcs
  6 ball pythons
  5 bats
  10 endoplasms
  A giant cockroach (D:3)
  20 goblins
  8 hobgoblins
  33 kobolds
  2 quokkas
  2 frilled lizards
  5 rats (D:1)
239 creatures vanquished.

Vanquished Creatures (others)
  55 fungi
  52 plants
107 creatures vanquished.

Grand Total: 346 creatures vanquished

Notes
Turn   | Place    | Note
-------+----------+-------------------------------------------
     0 | D:1      | mopl the Gargoyle Fighter began the quest for the Orb.
     0 | D:1      | Reached XP level 1. HP: 14/14 MP: 1/1
   224 | D:1      | Reached skill level 2 in Axes
   243 | D:1      | Reached XP level 2. HP: 14/19 MP: 2/2
   585 | D:1      | Reached XP level 3. HP: 22/23 MP: 3/3
   918 | D:2      | Noticed Natasha
   929 | D:2      | Killed Natasha
   930 | D:2      | Reached skill level 1 in Dodging
   930 | D:2      | Reached XP level 4. HP: 6/29 MP: 4/4
  1062 | D:2      | Found a hide-covered altar of Uskayaw.
  1185 | D:2      | Noticed Natasha
  1192 | D:2      | Killed Natasha
  1193 | D:2      | Reached skill level 3 in Axes
  1265 | D:2      | Reached skill level 4 in Armour
  1388 | D:2      | Noticed Natasha
  1399 | D:2      | Killed Natasha
  1400 | D:2      | Reached skill level 4 in Fighting
  1400 | D:2      | Reached XP level 5. HP: 27/33 MP: 5/5
  1918 | D:3      | Found a burning altar of Makhleb.
  1950 | D:3      | Reached XP level 6. HP: 8/38 MP: 6/6
  2654 | D:4      | Reached skill level 1 in Throwing
  2654 | D:4      | Reached skill level 1 in Evocations
  2710 | D:4      | Found a hide-covered altar of Uskayaw.
  2716 | D:4      | Reached skill level 2 in Dodging
  2803 | D:4      | Found a staircase to the Ecumenical Temple.
  2830 | Temple   | Entered the Ecumenical Temple
  2842 | Temple   | Became a worshipper of Warmaster Okawaru
  2883 | D:4      | Reached skill level 4 in Axes
  2992 | D:4      | Reached XP level 7. HP: 32/44 MP: 7/7
  3294 | D:5      | Entered Level 5 of the Dungeon
  3443 | D:5      | Reached * piety under Okawaru
  3444 | D:5      | Reached skill level 2 in Throwing
  3444 | D:5      | Reached skill level 2 in Evocations
  3472 | D:5      | Reached skill level 5 in Fighting
  3472 | D:5      | Reached skill level 5 in Armour
  3476 | D:5      | Found a sacrificial altar of Ru.
  3574 | D:5      | Found a shimmering altar of Xom.
  3574 | D:5      | Found a shimmering altar of Xom.
  3574 | D:5      | Found a shimmering altar of Xom.
  3658 | D:5      | Reached XP level 8. HP: 38/49 MP: 8/8
  3766 | D:5      | Reached skill level 5 in Axes
  4225 | D:6      | Found a stormy altar of Qazlal.
  4356 | D:6      | Reached ** piety under Okawaru
  4357 | D:6      | Reached skill level 3 in Dodging
  4704 | D:6      | Noticed Eustachio
  4721 | D:6      | Killed Eustachio
  4722 | D:6      | Reached skill level 3 in Evocations
  4990 | D:7      | Reached skill level 3 in Throwing
  5009 | D:7      | Found Qaneekk's Magic Scroll Shop.
  5028 | D:7      | Bought a scroll of noise for 12 gold pieces
  5028 | D:7      | Bought a scroll of teleportation for 36 gold pieces
  5028 | D:7      | Bought a scroll of fear for 48 gold pieces
  5028 | D:7      | Bought a scroll of blinking for 90 gold pieces
  5028 | D:7      | Bought a scroll of enchant armour for 90 gold pieces
  5062 | D:7      | Noticed a wyvern
  5079 | D:7      | Killed a wyvern
  5080 | D:7      | Reached skill level 6 in Axes
  5080 | D:7      | Reached skill level 1 in Invocations
  5080 | D:7      | Reached XP level 9. HP: 12/55 MP: 9/9
  5249 | D:7      | Found an ornate altar of the Wu Jian Council.
  5297 | D:7      | Found a shimmering blue altar of Sif Muna.
  5387 | D:7      | Reached skill level 6 in Armour
  5548 | D:7      | Reached skill level 6 in Fighting
  5689 | D:7      | Reached *** piety under Okawaru
  5811 | D:7      | Noticed a two-headed ogre
  5829 | D:7      | Killed a two-headed ogre
  5830 | D:7      | Reached skill level 2 in Invocations
  6251 | D:8      | Received a gift from Okawaru
  6263 | D:8      | Reached skill level 4 in Throwing
  6299 | D:8      | Reached skill level 4 in Dodging
  6313 | D:8      | Reached skill level 7 in Axes
  6317 | D:8      | Reached skill level 4 in Evocations
  6563 | D:8      | Reached XP level 10. HP: 34/61 MP: 9/12
  6570 | D:8      | Reached skill level 3 in Invocations
  7067 | D:8      | Identified the amulet "Coegeg" {Faith rC+ rN++}
  7414 | D:9      | Noticed Grum
  7435 | D:9      | Killed Grum
  7435 | D:9      | Reached **** piety under Okawaru
  7436 | D:9      | Reached skill level 7 in Armour
  7542 | D:9      | Reached skill level 7 in Fighting
  7616 | D:9      | Noticed a deep elf pyromancer
  7828 | D:9      | Noticed Psyche
  7847 | D:9      | Killed Psyche
  7848 | D:9      | Reached skill level 4 in Invocations
  7872 | D:9      | Found a staircase to the Lair.
  7970 | D:9      | Noticed a kobold demonologist
  7982 | D:9      | Killed a kobold demonologist
  7983 | D:9      | Reached skill level 8 in Axes
  7988 | D:9      | Received a gift from Okawaru
  8005 | D:9      | HP: 3/94 [water moccasin (7)]
  8009 | D:9      | Reached skill level 5 in Throwing
  8009 | D:9      | Reached XP level 11. HP: 4/67 MP: 14/14
  8222 | D:9      | Found an opulent altar of Gozag.
  8227 | D:9      | Noticed a two-headed ogre
  8228 | D:9      | Noticed Erica
  8239 | D:9      | Killed a two-headed ogre
  8239 | D:9      | Reached ***** piety under Okawaru
  8240 | D:9      | Reached skill level 5 in Dodging
  8240 | D:9      | Reached skill level 5 in Evocations
  8247 | D:9      | Killed Erica
  8381 | D:9      | Killed a deep elf pyromancer
  8539 | D:9      | Found a hazy altar of Hepliaklqana.
  8663 | D:10     | Entered Level 10 of the Dungeon
  8675 | D:10     | Noticed Gastronok
  8691 | D:10     | Killed Gastronok
  8691 | D:10     | Received a gift from Okawaru
  8692 | D:10     | Reached skill level 5 in Invocations
  8763 | D:10     | Reached skill level 8 in Armour
  8766 | D:10     | Received a gift from Okawaru
  8774 | D:10     | Reached skill level 8 in Fighting
  9057 | D:10     | Found Ygrem's Armour Boutique.
  9057 | D:10     | Noticed an orc knight
  9076 | D:10     | Killed an orc knight
  9077 | D:10     | Reached skill level 9 in Axes
  9082 | D:10     | Found a staircase to the Orcish Mines.
  9087 | D:10     | Found Jaostruar's Weapon Boutique.
  9175 | D:10     | Received a gift from Okawaru
  9235 | D:10     | Found a radiant altar of Vehumet.
  9701 | Lair:1   | Entered Level 1 of the Lair of Beasts
  9946 | Lair:1   | Reached XP level 12. HP: 75/75 MP: 16/16
  9952 | Lair:1   | Reached skill level 6 in Throwing
  9995 | Lair:1   | Noticed Nergalle
 10008 | Lair:1   | Killed Nergalle
 10009 | Lair:1   | Reached skill level 6 in Invocations
 10012 | Lair:1   | Reached skill level 6 in Evocations
 10788 | Lair:2   | Noticed a death yak
 10788 | Lair:2   | Noticed a death yak
 10789 | Lair:2   | Noticed a death yak
 10817 | Lair:1   | Killed a death yak
 10874 | Lair:1   | Killed a death yak
 11198 | Lair:2   | Identified the +2 ring mail "Ilaask" {rF+ rC+ Stlth-}
 11225 | Lair:2   | Reached skill level 6 in Dodging
 11321 | Lair:2   | Killed from afar by a bog body

Illustrated notes

Levels and vault maps discovered:
D:1:      dpeg_arrival_solitude, layout_loops_corners
D:2:      layout_basic, basic_altar, uniq_natasha
D:3:      layout_basic, demons_altar, minmay_misc_feat_ornament,
          grunt_decor_fettered, minmay_hedge_maze, kennysheep_generic_room_10
D:4:      layout_basic, old_standard_altar, minmay_temple_entry_purple_smoke,
          serial_forest, infiniplex_forest_clump_large,
          infiniplex_forest_clump_medium, infiniplex_forest_pool,
          infiniplex_forest_lined_corner, infiniplex_forest_clump_tiny,
          infiniplex_forest_lined_corner, infiniplex_forest_lined_room_3,
          minmay_ogre_servants
D:5:      layout_loops_ring, mainiacjoe_overflow_tiny_flanked, xom_redecorated
D:6:      hellmonk_destroyed_diamonds, layout_gridville,
          mainiacjoe_overflow_six_doors_small, serial_co_window_serial,
          co_window_corner_a, co_window_corner_a, co_window_of_opportunity_a,
          co_window_paths_a, co_window_paths_a, co_window_of_opportunity_b,
          co_window_broadway_a, co_window_broadway_b, co_window_4corner_a,
          glass_columns_a, glass_columns_a, glass_columns_b, uniq_eustachio
D:7:      layout_basic, lemuel_tele_altar, nicolae_wu_jian_immortal_techniques,
          serial_shops, shop, corexii_checkpoint_b, nrook_mini_vaults,
          chequers_serial_rivers_small_a
D:8:      layout_loops_ring
D:9:      layout_roguey, mainiacjoe_overflow_swirl, due_lair_maze_entry_diamond,
          serial_corexii_hall, chequers_hall_statues_wall_a,
          corexii_hall_statues_x, wad_floor_pattern_untrapped, uniq_erica,
          uniq_grum, uniq_psyche
D:10:     layout_roguey, fiery_altar_vehumet, orc_david_3,
          chequers_serial_rivers_micro_c, grunt_ministairs_9, uniq_gastronok
Temple:   hellmonk_temple_two_chambers
Lair:1:   layout_regular_city, minivault_25, infiniplex_staircase_pool_2,
          serial_bayou_shore_a, uniq_nergalle
Lair:2:   dreamdust_isle_of_ice, layout_cave_pods

Skill      XL: |  1  2  3  4  5  6  7  8  9 10 11 12 |
---------------+-------------------------------------+-----
Axes           | 2 3 4 6 7 8 9 |  9.9
Dodging        | 1 2 3 4 5 6 |  6.0
Armour         | 4 5 6 7 8 |  8.9
Fighting       | 4 5 6 7 8 |  8.8
Throwing       | 1 2 3 4 5 6 |  6.4
Evocations     | 1 2 3 4 5 6 |  6.3
Invocations    | 1 2 4 5 6 |  6.4
Shields        | |  3.2

Action                     |  1- 3 |  4- 6 |  7- 9 | 10-12 || total
---------------------------+-------+-------+-------+-------++-------
  Melee: War axe           |    75 |   151 |   337 |   177 ||   740
         Dagger            |     5 |       |       |       ||     5
         Short sword       |       |     8 |     8 |       ||    16
         Battleaxe         |       |       |       |   320 ||   320
  Throw: Dart              |       |       |     6 |     9 ||    15
 Invoke: Heroism           |       |       |     3 |     8 ||    11
  Evoke: Wand              |       |       |       |     2 ||     2
    Use: Scroll            |       |       |     7 |     2 ||     9
         Potion            |       |       |       |     2 ||     2
 Armour: Scale mail        |    42 |    66 |       |       ||   108
         Plate armour      |       |    10 |   289 |   392 ||   691
  Dodge: Dodged            |    31 |    57 |   127 |   235 ||   450
  Block: Buckler           |    12 |    31 |    84 |    45 ||   172

Table legend: (Time is in decaauts)
 A = Elapsed time spent in this place.
 B = Non-inter-level travel time spent in this place.
 C = Inter-level travel time spent in this place.
 D = Time resting spent in this place.
 E = Time spent auto-exploring this place.
 F = Levels seen in this place.
 G = Mean time per level.
                   A        B        C        D        E       F      G
               +--------+--------+--------+--------+--------+-----+--------+
         Total |  11644 |  11181 |    463 |   2414 |   6426 |  13 |  895.7 |
       Dungeon |   9957 |   9531 |    426 |   1890 |   5658 |  10 |  995.7 |
        Temple |     18 |     12 |      6 |      0 |      0 |   1 |   18.0 |
          Lair |   1668 |   1639 |     29 |    524 |    767 |   2 |  834.0 |
               +--------+--------+--------+--------+--------+-----+--------+

Top non-repeatable levels by time:
     D:9: 1414 daAuts
  Lair:1: 1299 daAuts
     D:7: 1296 daAuts
     D:8: 1099 daAuts
     D:6: 1078 daAuts
     D:3: 1076 daAuts
    D:10: 1042 daAuts
     D:1: 906 daAuts
     D:4: 753 daAuts
     D:5: 651 daAuts
     D:2: 639 daAuts
  Lair:2: 368 daAuts
  Temple: 18 daAuts
